Map: Ruins of Seras

Players

CatZ

  • Race: Zerg Zerg

Nerchio - Winner!

  • Race: Zerg Zerg

Event: LycanGTV LotV Beta Tournament 1

VOD

Have the link to the VOD?

Description

Time

  • Played on: April 2, 2015, 2:10 p.m.
  • Length: 7:08

All games in this series

Show
View Real Time Build Order
Export as new Build Order

CatZ Zerg 

Build Orders: Pool First 

Get SALT Encoding   

  12  0:00  Drone  
  13  0:10  Extractor  
  12  0:24  Spawning Pool  
  11  0:29  Drone  
  11  0:34  Drone  
  13  0:39  Drone  
  14  0:51  Overlord  
  14  1:11  Metabolic Boost  
  14  1:14  Queen  
  16  1:20  Zergling x2  
  17  1:26  Overlord  
  17  1:30  Zergling x2  
  18  1:34  Zergling x2  
  19  1:43  Zergling x2  
  20  1:53  Zergling x2  
  21  2:05  Zergling x2  
  22  2:14  Zergling x2  
  23  2:22  Baneling Nest, Zergling x8  
  26  2:28  Zergling x2  
  27  2:39  Zergling x2  
  27  2:48  Queen  
  28  2:57  Zergling x2  
  28  2:58  Zergling x2  
  24  3:04  Zergling x2  
  24  3:05  Zergling x2  
  24  3:17  Zergling x4  
  24  3:19  Baneling  
  26  3:25  Drone  
  27  3:33  Zergling x2  
  27  3:38  Zergling x4  
  29  3:42  Overlord  
  29  3:45  Baneling  
  29  3:50  Zergling x2  
  29  3:52  Zergling x2  
  30  3:59  Drone  
  29  4:09  Drone  
  28  4:38  Drone x3  
  31  4:39  Hatchery  
  31  4:40  Baneling x2  
  31  4:41  Baneling  
  30  4:48  Drone x2  
  30  4:58  Zergling x2  
  30  5:08  Zergling x2  
  28  5:14  Zergling x2  
  28  5:20  Evolution Chamber  
  27  5:21  Roach Warren  
  27  5:22  Drone x2  
  27  5:24  Baneling  
  27  5:28  Drone x2  
  30  5:34  Drone  
  31  5:39  Drone  
  31  5:50  Drone  
  31  5:53  Drone  
  31  5:56  Lair  
  32  5:59  Extractor  
  31  6:05  Drone x2  
  31  6:08  Drone  
  34  6:16  Drone x3  
  35  6:21  Roach  
  39  6:25  Roach  
  39  6:27  Roach  
  39  6:31  Roach  
  43  6:36  Zergling x2  
  44  6:41  Overlord  
Show
View Real Time Build Order
Export as new Build Order

Nerchio Zerg - Winner!

Build Orders: Pool First, Zergling Baneling 

Get SALT Encoding   

  12  0:01  Drone  
  13  0:14  Extractor  
  12  0:25  Spawning Pool  
  11  0:29  Drone  
  11  0:33  Drone  
  13  0:38  Drone  
  14  0:50  Overlord  
  14  1:11  Queen  
  14  1:12  Zergling x2  
  17  1:20  Metabolic Boost  
  17  1:25  Zergling x2  
  18  1:29  Zergling x2  
  19  1:33  Zergling x2  
  19  1:38  Zergling x2  
  21  1:48  Baneling Nest  
  21  1:53  Zergling x2  
  21  1:59  Zergling x2  
  22  2:09  Overlord  
  22  2:29  Drone x4  
  26  2:37  Baneling  
  26  2:38  Baneling  
  26  2:43  Zergling x2, Baneling  
  25  2:52  Overlord  
  25  2:54  Zergling x2  
  25  2:57  Zergling x2  
  26  3:00  Zergling x2  
  26  3:04  Zergling x2  
  26  3:08  Zergling x2  
  27  3:17  Queen  
  29  3:22  Baneling  
  29  3:25  Drone  
  30  3:31  Drone  
  30  3:37  Drone x2  
  30  3:38  Drone  
  28  3:42  Zergling x2  
  28  3:45  Zergling x2  
  30  3:53  Zergling x2  
  31  4:01  Baneling  
  31  4:02  Baneling  
  30  4:17  Drone x2  
  31  4:20  Drone  
  31  4:22  Baneling  
  31  4:24  Hatchery, Baneling  
  32  4:33  Zergling x4  
  34  4:42  Roach Warren  
  34  4:43  Drone  
  34  4:48  Overlord  
  29  5:23  Baneling x2  
  31  5:28  Roach x3  
  31  5:32  Roach x3  
  31  5:33  Overlord  
  41  5:41  Drone  
  43  5:42  Drone  
  43  5:48  Drone  
  42  5:52  Drone  
  42  5:55  Ravager x2  
  45  6:00  Ravager  
  45  6:02  Zergling x2  
  47  6:08  Zergling x2  
  47  6:09  Zergling x14  
  55  6:12  Zergling x2  
  55  6:13  Zergling x2  
  56  6:18  Drone  
  56  6:21  Overlord  
  57  6:26  Ravager  
  57  6:28  Drone  
  59  6:33  Overlord  
  59  6:36  Baneling  
  59  6:44  Drone  
  59  6:45  Drone x5  

Tags
 
Add a new tag
Caveats
  • Supply blocks, unpowered buildings, or Contaminate may cause inaccurate times.
  • Supply counts are checked every 10 seconds.